BLB
LOS ANGELES DINOS @ BATAVIA MUCKDOGS
04/25/2060
 
TOP OF THE 1ST
Los Angeles Dinos batting - Pitching for Batavia Muckdogs : RHP Brogan Barrett
Pitching: RHP Brogan Barrett
Batting: RHB Efren Zamora 0-0: Swinging Strike
0-1: Ball
1-1: Fly out, F8 (Flyball, 8LM, EV 85.0 MPH)
Batting: LHB Tris Chikumbu 0-0: Foul Ball, location: 2F
0-1: Ball
1-1: Ball
2-1: SINGLE (Groundball, 4D, EV 99.4 MPH)
Batting: RHB Rob Detling 0-0: Called Strike
0-1: Ball
1-1: Foul Ball, location: 2F
1-2: Foul Ball, location: 2F
1-2: Foul Ball, location: 2F
1-2: Ball
2-2: Ball
3-2: Ground out 5-3 (Groundball, 56S, EV 63.8 MPH)
Tris Chikumbu to second
Batting: RHB Andy Dillon 0-0: Called Strike
0-1: Swinging Strike
0-2: Strikes out swinging
Top of the 1st over - 0 runs, 1 hit, 0 errors, 1 left on base; Los Angeles 0 - Batavia 0
BOTTOM OF THE 1ST
Batavia Muckdogs batting - Pitching for Los Angeles Dinos : RHP Liam Polyak
Pitching: RHP Liam Polyak
Batting: RHB Zeke Lebron 0-0: Foul Ball, location: 2F
0-1: Ground out 5-3 (Groundball, 5, EV 88.1 MPH)
Batting: RHB Wade Cummins 0-0: Ball
1-0: Fly out, F8 (Flyball, 8LM, EV 95.0 MPH)
Batting: LHB Donald Dworkin 0-0: Called Strike
0-1: Foul Ball, location: 2F
0-2: Ball
1-2: SINGLE (Line Drive, 78S, EV 88.8 MPH)
Batting: LHB Edward Schachter 0-0: Reached on error, E1 (Groundball, 15S, EV 70.6 MPH)
Donald Dworkin to second
Batting: RHB R.J. McCarthy 0-0: Fielders Choice at 2nd, 5-4 (Groundball, 56, EV 98.8 MPH)
Bottom of the 1st over - 0 runs, 1 hit, 1 error, 2 left on base; Los Angeles 0 - Batavia 0
TOP OF THE 2ND
Los Angeles Dinos batting - Pitching for Batavia Muckdogs : RHP Brogan Barrett
Batting: RHB Vince Cox 0-0: Ball
1-0: Swinging Strike
1-1: DOUBLE (Line Drive, 8RXD, EV 108.8 MPH)
Batting: LHB Shawn Hickey 0-0: Ball
Wild Pitch!
Vince Cox to third
1-0: Foul Ball, location: 2F
1-1: Foul Ball, location: 2F
1-2: Foul Ball, location: 2F
1-2: Strikes out swinging
Batting: RHB Karson Gibson 0-0: Ball
1-0: Ball
2-0: Ball
3-0: Base on Balls
Batting: RHB Derick Murphy 0-0: Ball
Karson Gibson is caught stealing 2nd base 2-4
1-0: Foul Ball, location: 2F
1-1: Ball
2-1: Swinging Strike
2-2: Ground out 5-3 (Groundball, 56S, EV 85.6 MPH)
Top of the 2nd over - 0 runs, 1 hit, 0 errors, 1 left on base; Los Angeles 0 - Batavia 0
BOTTOM OF THE 2ND
Batavia Muckdogs batting - Pitching for Los Angeles Dinos : RHP Liam Polyak
Batting: RHB Colby Cooper 0-0: Ball
1-0: Reached on error, E4 (Groundball, 4, EV 86.2 MPH)
Batting: RHB Tyson Velez 0-0: Ball
1-0: Ball
2-0: Swinging Strike
2-1: Ground out 6-3 (Groundball, 6, EV 103.1 MPH)
Batting: RHB Destin Fransen 0-0: Called Strike
0-1: Called Strike
0-2: Fly out, F3 (Popup, 3SF, EV 90.0 MPH)
Batting: RHB Bowie Garcia 0-0: Ball
1-0: Ball
2-0: Ground out 5-3 (Groundball, 5, EV 84.4 MPH)
Bottom of the 2nd over - 0 runs, 0 hits, 1 error, 1 left on base; Los Angeles 0 - Batavia 0
TOP OF THE 3RD
Los Angeles Dinos batting - Pitching for Batavia Muckdogs : RHP Brogan Barrett
Batting: RHB Jahmel Ortiz 0-0: Called Strike
0-1: Ball
1-1: Ball
2-1: Foul Ball, location: 2F
2-2: Strikes out swinging
Batting: RHB Efren Zamora 0-0: Foul Ball, location: 2F
0-1: Foul Ball, location: 2F
0-2: Strikes out swinging
Batting: LHB Tris Chikumbu 0-0: Fly out, F9 (Flyball, 89S, EV 83.8 MPH)
Top of the 3rd over - 0 runs, 0 hits, 0 errors, 0 left on base; Los Angeles 0 - Batavia 0
BOTTOM OF THE 3RD
Batavia Muckdogs batting - Pitching for Los Angeles Dinos : RHP Liam Polyak
Batting: RHB Zeke Lebron 0-0: Ball
1-0: Ball
2-0: Ball
3-0: Base on Balls
Batting: RHB Wade Cummins 0-0: Called Strike
0-1: Ball
1-1: Called Strike
Zeke Lebron steals 2nd base
1-2: Ball
2-2: Foul Ball, location: 2F
2-2: Ground out 5-3 (Groundball, 56S, EV 64.4 MPH)
Zeke Lebron to third
Batting: LHB Donald Dworkin 0-0: Ball
1-0: Ball
2-0: Called Strike
2-1: Fly out, F7 (Flyball, 7, EV 80.0 MPH)
Runner from 3rd tags up, SCORES, throw by LF
Batting: LHB Edward Schachter 0-0: Ball
1-0: Ball
2-0: Fly out, F9 (Line Drive, 9LM, EV 93.8 MPH)
Bottom of the 3rd over - 1 run, 0 hits, 0 errors, 0 left on base; Los Angeles 0 - Batavia 1
TOP OF THE 4TH
Los Angeles Dinos batting - Pitching for Batavia Muckdogs : RHP Brogan Barrett
Batting: RHB Rob Detling 0-0: Ball
1-0: Ball
2-0: Called Strike
2-1: Foul Ball, location: 2F
2-2: SINGLE (Groundball, 56, EV 108.8 MPH)
Batting: RHB Andy Dillon 0-0: Ball
1-0: Ball
2-0: Foul Ball, location: 2F
2-1: Swinging Strike
2-2: Ball
3-2: Strikes out looking
Batting: RHB Vince Cox 0-0: Ball
1-0: Fly out, F8 (Line Drive, 8RM, EV 93.8 MPH)
Batting: LHB Shawn Hickey 0-0: Foul Ball, location: 2F
0-1: Ball
1-1: Ball
2-1: Ball
3-1: Base on Balls
Rob Detling to second
Batting: RHB Karson Gibson 0-0: Ball
1-0: Ball
2-0: 3-RUN HOME RUN (Flyball, 8RXD, EV 104.4 MPH), Distance : 434 ft
Batting: RHB Derick Murphy 0-0: Ball
1-0: Ball
2-0: Called Strike
2-1: Ball
3-1: SINGLE (Groundball, 56, EV 110.6 MPH) (infield hit)
Batting: RHB Jahmel Ortiz 0-0: Swinging Strike
0-1: Ball
1-1: Ball
Wild Pitch!
Derick Murphy to second
2-1: Swinging Strike
2-2: Strikes out swinging
Top of the 4th over - 3 runs, 3 hits, 0 errors, 1 left on base; Los Angeles 3 - Batavia 1
BOTTOM OF THE 4TH
Batavia Muckdogs batting - Pitching for Los Angeles Dinos : RHP Liam Polyak
Batting: RHB R.J. McCarthy 0-0: Ball
1-0: Called Strike
1-1: Called Strike
1-2: Ball
2-2: Strikes out looking
Batting: RHB Colby Cooper 0-0: Ball
1-0: Swinging Strike
1-1: Called Strike
1-2: Ball
2-2: Ground out 4-3 (Groundball, 4M, EV 84.4 MPH)
Batting: RHB Tyson Velez 0-0: Foul Ball, location: 2F
0-1: Swinging Strike
0-2: Strikes out swinging
Bottom of the 4th over - 0 runs, 0 hits, 0 errors, 0 left on base; Los Angeles 3 - Batavia 1
TOP OF THE 5TH
Los Angeles Dinos batting - Pitching for Batavia Muckdogs : RHP Brogan Barrett
Batting: RHB Efren Zamora 0-0: Ball
1-0: Ground out 5-3 (Groundball, 56, EV 88.8 MPH)
Batting: LHB Tris Chikumbu 0-0: DOUBLE (Flyball, 8LXD, EV 98.1 MPH)
Batting: RHB Rob Detling 0-0: Ball
1-0: Called Strike
1-1: Foul Ball, location: 2F
1-2: Ground out 6-3 (Groundball, 6, EV 96.9 MPH)
Batting: RHB Andy Dillon 0-0: Ball
1-0: Called Strike
1-1: Called Strike
1-2: Strikes out swinging
Top of the 5th over - 0 runs, 1 hit, 0 errors, 1 left on base; Los Angeles 3 - Batavia 1
BOTTOM OF THE 5TH
Batavia Muckdogs batting - Pitching for Los Angeles Dinos : RHP Liam Polyak
Batting: RHB Destin Fransen 0-0: Ball
1-0: Ball
2-0: DOUBLE (Line Drive, 9LM, EV 101.9 MPH) - OUT at third base trying to stretch hit.
Batting: RHB Bowie Garcia 0-0: Called Strike
0-1: Ball
1-1: Ball
2-1: Called Strike
2-2: Strikes out swinging, 2-3 out at first.
Batting: RHB Zeke Lebron 0-0: Swinging Strike
0-1: Ball
1-1: Swinging Strike
1-2: Ball
2-2: Strikes out looking
Bottom of the 5th over - 0 runs, 1 hit, 0 errors, 0 left on base; Los Angeles 3 - Batavia 1
TOP OF THE 6TH
Los Angeles Dinos batting - Pitching for Batavia Muckdogs : RHP Brogan Barrett
Batting: RHB Vince Cox 0-0: Called Strike
0-1: Fly out, F6 (Line Drive, 6D, EV 72.5 MPH)
Batting: LHB Shawn Hickey 0-0: Called Strike
0-1: Ball
1-1: Called Strike
1-2: Fly out, F7 (Flyball, 78D, EV 108.8 MPH)
Batting: RHB Karson Gibson 0-0: Called Strike
0-1: Swinging Strike
0-2: Fly out, F7 (Flyball, 7, EV 88.1 MPH)
Top of the 6th over - 0 runs, 0 hits, 0 errors, 0 left on base; Los Angeles 3 - Batavia 1
BOTTOM OF THE 6TH
Batavia Muckdogs batting - Pitching for Los Angeles Dinos : RHP Liam Polyak
Batting: RHB Wade Cummins 0-0: Called Strike
0-1: Foul Ball, location: 2F
0-2: Ball
1-2: Foul Ball, location: 2F
1-2: Ball
2-2: Foul Ball, location: 2F
2-2: Ground out 4-3 (Groundball, 4MS, EV 65.0 MPH)
Pitching: LHP Saxby Lucas
Batting: LHB Donald Dworkin 0-0: Called Strike
0-1: Foul Ball, location: 2F
0-2: Ball
1-2: Strikes out swinging
Batting: LHB Edward Schachter 0-0: SOLO HOME RUN (Line Drive, 7D, EV 95.0 MPH), Distance : 366 ft
Batting: RHB R.J. McCarthy 0-0: Called Strike
0-1: Ball
1-1: Ball
2-1: Ball
3-1: Swinging Strike
3-2: Base on Balls
Batting: RHB Colby Cooper 0-0: Ball
1-0: Called Strike
1-1: Ball
2-1: Fielders Choice at 2nd, 6-4 (Groundball, 6, EV 86.2 MPH)
Bottom of the 6th over - 1 run, 1 hit, 0 errors, 1 left on base; Los Angeles 3 - Batavia 2
TOP OF THE 7TH
Los Angeles Dinos batting - Pitching for Batavia Muckdogs : RHP Brogan Barrett
Batting: RHB Derick Murphy 0-0: Ball
1-0: Ball
2-0: Ground out 5-3 (Groundball, 56, EV 82.5 MPH)
Pitching: RHP Rakim Antonopoulos
Batting: RHB Jahmel Ortiz 0-0: Ball
1-0: Fly out, F7 (Flyball, 7, EV 87.5 MPH)
Batting: RHB Efren Zamora 0-0: Ball
1-0: Ball
2-0: Called Strike
2-1: SINGLE (Groundball, 4MD, EV 98.1 MPH)
Batting: LHB Tris Chikumbu 0-0: Called Strike
0-1: Foul Ball, location: 2F
0-2: Ball
1-2: Ball
2-2: Ground out 4-3 (Groundball, 4MS, EV 81.9 MPH)
Top of the 7th over - 0 runs, 1 hit, 0 errors, 1 left on base; Los Angeles 3 - Batavia 2
BOTTOM OF THE 7TH
Batavia Muckdogs batting - Pitching for Los Angeles Dinos : LHP Saxby Lucas
Batting: RHB Tyson Velez 0-0: Swinging Strike
0-1: Ground out 6-3 (Groundball, 6S, EV 81.9 MPH)
Batting: RHB Destin Fransen 0-0: Foul Ball, location: 2F
0-1: Ball
1-1: Foul Ball, location: 2F
1-2: Ground out 1-3 (Groundball, 15S, EV 63.1 MPH)
Batting: RHB Bowie Garcia 0-0: Ball
1-0: Foul Ball, location: 2F
1-1: Foul Ball, location: 2F
1-2: Ball
2-2: Ball
3-2: SINGLE (Groundball, 56D, EV 99.4 MPH)
Batting: RHB Zeke Lebron 0-0: Ball
1-0: Ball
2-0: Swinging Strike
2-1: Ball
3-1: Base on Balls
Bowie Garcia to second
Batting: RHB Wade Cummins 0-0: Foul Ball, location: 2F
0-1: Ball
1-1: Ball
2-1: Ball
3-1: Foul Ball, location: 2F
3-2: Foul Ball, location: 2F
3-2: Strikes out looking
Bottom of the 7th over - 0 runs, 1 hit, 0 errors, 2 left on base; Los Angeles 3 - Batavia 2
TOP OF THE 8TH
Los Angeles Dinos batting - Pitching for Batavia Muckdogs : RHP Rakim Antonopoulos
Batting: RHB Rob Detling 0-0: Ball
1-0: Swinging Strike
1-1: Foul Ball, location: 2F
1-2: Ball
2-2: Ball
3-2: Strikes out swinging
Batting: RHB Andy Dillon 0-0: Swinging Strike
0-1: Ball
1-1: Ball
2-1: Called Strike
2-2: Foul Ball, location: 2F
2-2: Ball
3-2: Strikes out swinging
Batting: RHB Vince Cox 0-0: Ball
1-0: Ball
2-0: Called Strike
2-1: Swinging Strike
2-2: Hit by Pitch
Batting: LHB Shawn Hickey 0-0: Ball
1-0: Ball
Vince Cox steals 2nd base
2-0: Ball
3-0: Called Strike
3-1: Ground out 6-3 (Groundball, 6M, EV 88.8 MPH)
Top of the 8th over - 0 runs, 0 hits, 0 errors, 1 left on base; Los Angeles 3 - Batavia 2
BOTTOM OF THE 8TH
Batavia Muckdogs batting - Pitching for Los Angeles Dinos : LHP Saxby Lucas
Pitching: RHP Tod Steffen
Batting: LHB Donald Dworkin 0-0: Ball
1-0: SOLO HOME RUN (Flyball, 9LD, EV 90.6 MPH), Distance : 339 ft
Batting: LHB Edward Schachter 0-0: SINGLE (Flyball, 4D, EV 85.6 MPH)
Batting: RHB R.J. McCarthy 0-0: Fly out, F3 (Popup, 3SF, EV 69.4 MPH)
Batting: RHB Colby Cooper 0-0: SINGLE (Groundball, 6MD, EV 104.4 MPH)
Edward Schachter to second
Runner from 2nd tries for 3rd, SAFE, throw by CF made to third
Batting: RHB Tyson Velez 0-0: Ball
Colby Cooper steals 2nd base
1-0: SINGLE (Line Drive, 4MD, EV 100.0 MPH)
Edward Schachter scores
Colby Cooper to third
Batting: RHB Destin Fransen 0-0: Called Strike
0-1: Swinging Strike
0-2: Ball
1-2: Strikes out looking
Batting: RHB Bowie Garcia 0-0: Ball
1-0: Ball
2-0: Called Strike
2-1: Foul Ball, location: 2F
2-2: Ball
3-2: Strikes out swinging
Bottom of the 8th over - 2 runs, 4 hits, 0 errors, 2 left on base; Los Angeles 3 - Batavia 4
TOP OF THE 9TH
Los Angeles Dinos batting - Pitching for Batavia Muckdogs : RHP Rakim Antonopoulos
Pitching: LHP Isaac Bates
Batting: RHB Karson Gibson 0-0: Ball
1-0: Foul Ball, location: 2F
1-1: Foul Ball, location: 2F
1-2: Ball
2-2: Ball
3-2: SINGLE (Groundball, 56D, EV 96.2 MPH)
Batting: RHB Derick Murphy 0-0: Foul Ball, location: 2F
0-1: Sac Bunt to 15S - play at first, batter OUT! 1-3
Karson Gibson to second
Batting: RHB Jahmel Ortiz 0-0: Called Strike
0-1: Ball
1-1: Ball
2-1: Called Strike
Karson Gibson steals 3rd base
2-2: Ball
3-2: SINGLE (Line Drive, 6, EV 100.0 MPH)
Karson Gibson scores
Batting: RHB Efren Zamora 0-0: Called Strike
0-1: Ball
1-1: Ball
2-1: DOUBLE (Line Drive, 89D, EV 93.1 MPH)
Jahmel Ortiz to third
Batting: LHB Tris Chikumbu 0-0: Ball
1-0: Swinging Strike
1-1: Ball
2-1: Ball
3-1: SINGLE (Groundball, 34, EV 100.0 MPH)
Jahmel Ortiz scores
Efren Zamora to third
Runner from 3rd tries for Home, SAFE, throw by RF to home
Batting: RHB Rob Detling 0-0: Ball
1-0: Ball
2-0: Called Strike
2-1: Ball
3-1: Foul Ball, location: 2F
3-2: Base on Balls
Tris Chikumbu to second
Batting: RHB Andy Dillon 0-0: Foul Ball, location: 2F
0-1: Called Strike
0-2: Ball
1-2: Foul Ball, location: 2F
1-2: Ball
2-2: Strikes out swinging
Batting: RHB Vince Cox 0-0: Called Strike
0-1: Fly out, F8 (Flyball, 8LS, EV 83.1 MPH)
Top of the 9th over - 3 runs, 4 hits, 0 errors, 2 left on base; Los Angeles 6 - Batavia 4
BOTTOM OF THE 9TH
Batavia Muckdogs batting - Pitching for Los Angeles Dinos : RHP Tod Steffen
Batting: RHB Zeke Lebron 0-0: Called Strike
0-1: Foul Ball, location: 2F
0-2: Strikes out swinging
Batting: RHB Wade Cummins 0-0: Swinging Strike
0-1: Called Strike
0-2: Ball
1-2: Strikes out swinging
Batting: LHB Donald Dworkin 0-0: Called Strike
0-1: Foul Ball, location: 2F
0-2: Strikes out swinging
Bottom of the 9th over - 0 runs, 0 hits, 0 errors, 0 left on base; Los Angeles 6 - Batavia 4
Thursday, April 25th , 2024 - OOTP Baseball 23.10 Build 110